 Dungeon Crawl Stone Soup version 0.29.1-15-g9cfb28693d (webtiles) character file.

Game seed: 9952897073741816450

2137 croobank the Summoner (level 9, -17/65 HPs)
             Began as a Gnoll Summoner on Apr 29, 2023.
             Was a Believer of Vehumet.
             Shot with a bolt by an orc warrior (22 damage)
             ... on level 7 of the Dungeon on Apr 30, 2023.
             The game lasted 00:26:03 (8937 turns).

croobank the Summoner (Gnoll Summoner)              Turns: 8937, Time: 00:26:03

Health: -17/65     AC:  9    Str:  7    XL:     9   Next: 30%
Magic:  3/19       EV: 13    Int: 20    God:    Vehumet [**....]
Gold:   355        SH:  5    Dex: 15    Spells: 2/21 levels left

rFire   + + +      SeeInvis .   a - +4 hand axe (elec)
rCold   + . .      Faith    .   v - +0 buckler
rNeg    . . .      Spirit   .   z - +1 leather armour
rPois   .          Reflect  .   s - +0 hat of the Shore {rF++ Dex+3}
rElec   .          Harm     .   (no cloak)
rCorr   .          Rampage  .   (no gloves)
Will    .....                   t - +0 pair of boots
Stlth   ++++......              (no amulet)
HPRegen 0.20/turn               C - ring of Res Nullius {Wiz rF+ rC+ Stlth+}
MPRegen 0.16/turn               G - +4 ring of protection

@: no status effects
A: fangs 1, strong nose, distributed training
a: Renounce Religion


You were on level 7 of the Dungeon.
You worshipped Vehumet.
Vehumet was pleased with you.
You visited 2 branches of the dungeon, and saw 8 of its levels.

You collected 355 gold pieces.

Inventory:

Hand Weapons
 a - a +4 hand axe of electrocution (weapon)
 b - a +0 sling
 l - a +0 short sword
 n - a +1 dagger of venom
 o - a +0 trident
 y - a +0 morningstar
 K - a +0 war axe
 M - a +2 whip of electrocution
Missiles
 f - 7 poisoned darts
 r - a throwing net
 F - 13 boomerangs
 J - 6 javelins
Armour
 s - the +0 hat of the Shore (worn) {rF++ Dex+3}
   (You acquired it on level 5 of the Dungeon)

   Dex:       It affects your dexterity (+3).
   rF:        It greatly protects you from fire.
 t - a +0 pair of boots (worn)
 v - a +0 buckler (worn)
 z - a +1 leather armour (worn)
 L - an orb of wrath
Jewellery
 c - a ring of ice
 C - the ring of Res Nullius (left hand) {Wiz rF+ rC+ Stlth+}
   (You acquired it on level 4 of the Dungeon)

   [ring of wizardry]

   It improves your spell success rate.
   rF:        It protects you from fire.
   rC:        It protects you from cold.
   Stlth:     It makes you more stealthy.
 G - a +4 ring of protection (right hand)
 O - a +4 ring of evasion
Wands
 w - a wand of flame (17)
 I - a wand of charming (5)
Scrolls
 h - a scroll of blinking
 i - 4 scrolls of fear
 m - a scroll of immolation
 q - 2 scrolls of magic mapping
 x - 3 scrolls of poison {unknown}
 H - 2 scrolls of teleportation
 N - a scroll of identify
Potions
 d - 2 potions of might
 e - a potion of ambrosia
 g - 2 potions of haste
 j - 5 potions of heal wounds
 k - 8 potions of curing
 p - 3 potions of lignification
 u - 2 potions of mutation
 A - a potion of resistance {unknown}
 B - a potion of flight {unknown}
 D - 2 potions of magic
 E - a potion of invisibility
 P - a potion of brilliance {unknown}


   Skills:
 + Level 4.2 Fighting
 + Level 4.2 Short Blades
 + Level 4.2 Long Blades
 + Level 4.2 Axes
 + Level 4.2 Maces & Flails
 + Level 4.2 Polearms
 + Level 4.2 Staves
 + Level 4.2 Ranged Weapons
 + Level 4.2 Throwing
 + Level 4.2 Armour
 + Level 6.3 Dodging
 + Level 6.0 Stealth
 + Level 4.2 Shields
 + Level 4.2 Unarmed Combat
 + Level 6.6 Spellcasting
 + Level 3.5 Conjurations
 + Level 3.5 Hexes
 + Level 8.0 Summonings
 + Level 3.5 Necromancy
 + Level 3.5 Translocations
 + Level 3.5 Transmutations
 + Level 3.5 Fire Magic
 + Level 3.5 Ice Magic
 + Level 3.5 Air Magic
 + Level 3.5 Earth Magic
 + Level 3.5 Poison Magic
 + Level 4.7 Invocations
 + Level 4.2 Evocations


You had 2 spell levels left.
You knew the following spells:

 Your Spells              Type           Power      Damage    Failure   Level
a - Summon Small Mammal   Summ           100%       N/A       1%          1
b - Call Imp              Summ           38%        N/A       1%          2
c - Call Canine Familiar  Summ           38%        N/A       1%          3
d - Summon Guardian Gole  Hex/Summ       29%        N/A       2%          3
e - Summon Lightning Spi  Summ/Air       29%        N/A       7%          4
f - Iskenderun's Mystic   Conj/Tloc      20%        2d6       17%         4
g - Poisonous Vapours     Pois/Air       40%        N/A       2%          2

Your spell library contained the following spells:

 Spells                   Type           Power      Damage    Failure   Level
 Static Discharge         Conj/Air       20%        3-6/arc   2%          2
 Dazzling Flash           Conj/Hex       40%        N/A       5%          3
 Dispel Undead            Necr           20%        3d11      17%         4
 Sticky Flame             Conj/Fire      20%        2d4       17%         4
 Starburst                Conj/Fire      10%        6d5       92%         6


Dungeon Overview and Level Annotations

Branches:
Dungeon (7/15)             Temple (1/1) D:4

Altars:
Ashenzari
Cheibriados
Dithmenos
Elyvilon
Fedhas
Gozag
Hepliaklqana
Kikubaaqudgha
Makhleb
Nemelex Xobeh
Okawaru
Qazlal
Ru
Sif Muna
Trog
Uskayaw
Vehumet
Wu Jian
Xom
Yredelemnul
Zin
The Shining One

Shops:
D:4 (:


Innate Abilities, Weirdness & Mutations

You have very sharp teeth.
Your uncanny sense of smell can sniff out nearby items.
Your experience applies equally to all skills.


Message History

The orc warrior hits you with a +0 mace.
You see here a hound corpse.
You hit the orc warrior.
The orc warrior is lightly wounded.
You hit the orc wizard.
Lightning courses through the orc wizard!!
You kill the orc wizard!
Vehumet accepts your kill.
The orc warrior hits you with a +0 mace!
You hit the orc warrior.
The orc warrior is lightly wounded.
The orc warrior misses you.
You hit the orc warrior.
The orc warrior is moderately wounded.
The orc warrior closely misses you.
You hit the orc warrior.
You bite the orc warrior, but do no damage.
The orc warrior is heavily wounded.
The orc warrior hits you but does no damage.
You hit the orc warrior.
The orc warrior is heavily wounded.
The orc warrior hits you with a +0 mace!
You hit the orc warrior but do no damage.
Your bite misses the orc warrior.
The orc warrior is heavily wounded.
The orc warrior hits you with a +0 mace!
Casting: Summon Lightning Spire (dangerous; 7% risk of failure)
Confirm with . or Enter, or press ? or * to list all spells.
A guardian golem appears, shielding your allies.
The orc warrior hits you with a +0 mace!
* * * LOW HITPOINT WARNING * * *
The orc warrior attacks as you move away!
The orc warrior hits you with a +0 mace!
* * * LOW HITPOINT WARNING * * *
The orc warrior unwields a +0 mace.
The orc warrior wields a +0 arbalest.
The orc warrior shoots a bolt.
You block the bolt.
Things that are here:
a +0 dagger; a +0 robe; an orc corpse The orc warrior shoots a bolt.
The bolt hits you!!
You die...

...# #.# ### .#.## ##.# #..
###.###.## #.# . ##...##
##.## .. ###.# #...# > ..#..#
#.# #...# .##.....# ####.#
#...# ........ #....#
#####..9#####......
#.#..####.....@)†oo...##.##
#.<.##..........##)##.#...#.#
##.###.##.......#...#.......#
#.# #.######.........o...#
#.# #.# #...#....#[..## #.#
#.# #...##...###..... #.# #.#
#.......## .##. #.# #.#
##.#.##...# .#
####.###.#######...#........
..


You could see an orc warrior (ally target), an orc and a friendly guardian golem
(summoned).

Vanquished Creatures
  2 phantoms
  A bullfrog (D:7)
  2 scorpions
  2 hounds
  A jelly (D:3)
  3 orc priests (D:6)
  4 orc wizards
  2 adders (D:6)
  2 gnolls (D:4)
  A shadow imp (D:7)
  A dart slug (D:2)
  22 orcs
  4 ball pythons
  2 endoplasms
  2 giant cockroaches (D:4)
  9 goblins
  15 hobgoblins
  4 jackals (D:5)
  6 kobolds
  A quokka (D:3)
  A ball python zombie (D:3)
  A quokka zombie (D:3)
  A rat (D:2)
89 creatures vanquished.

Vanquished Creatures (collateral kills)
  A steam dragon (D:7)
  The ghost of Grunkalo the Shooter, an amateur KoHu of Makhleb (D:3)
  An orc warrior (D:6)
  A sky beast (D:7)
  A black bear (D:4)
  An ogre (D:5)
  A centaur (D:6)
  2 bullfrogs
  A scorpion (D:5)
  2 orc priests
  3 jellies
  Jessica (D:2)
  An iguana (D:5)
  3 adders
  A shadow imp (D:5)
  A white imp (D:6)
  A worm (D:4)
  16 orcs
  6 endoplasms
  2 giant cockroaches
  7 goblins
  5 hobgoblins
  3 jackals (D:2)
  9 kobolds
  3 quokkas
  7 ball pythons
  4 frilled lizards
  2 rats
87 creatures vanquished.

Vanquished Creatures (others)
  A water moccasin (D:7)
  A centaur (D:7)
  An orc wizard (D:5)
  2 orcs
  2 plants (D:4)
7 creatures vanquished.

Grand Total: 183 creatures vanquished

Notes
Turn   | Place    | Note
-------+----------+-------------------------------------------
     0 | D:1      | croobank the Gnoll Summoner began the quest for the Orb.
     0 | D:1      | Reached XP level 1. HP: 13/13 MP: 6/6
   618 | D:1      | Reached XP level 2. HP: 19/19 MP: 7/7
   623 | D:1      | Learned a level 2 spell: Call Imp
  1176 | D:2      | Reached skill level 5 in Spellcasting
  1176 | D:2      | Reached XP level 3. HP: 25/25 MP: 4/9
  1184 | D:2      | Learned a level 3 spell: Call Canine Familiar
  1314 | D:2      | Reached skill level 1 in Invocations
  1369 | D:2      | Reached skill level 1 in Fighting
  1369 | D:2      | Reached skill level 1 in Short Blades
  1369 | D:2      | Reached skill level 1 in Long Blades
  1369 | D:2      | Reached skill level 1 in Axes
  1369 | D:2      | Reached skill level 1 in Maces & Flails
  1369 | D:2      | Reached skill level 1 in Polearms
  1369 | D:2      | Reached skill level 1 in Staves
  1369 | D:2      | Reached skill level 1 in Ranged Weapons
  1369 | D:2      | Reached skill level 1 in Throwing
  1369 | D:2      | Reached skill level 1 in Armour
  1369 | D:2      | Reached skill level 1 in Shields
  1369 | D:2      | Reached skill level 1 in Unarmed Combat
  1369 | D:2      | Reached skill level 1 in Evocations
  1771 | D:2      | Reached XP level 4. HP: 32/32 MP: 11/11
  1775 | D:2      | Learned a level 3 spell: Summon Guardian Golem
  1936 | D:2      | Noticed Jessica
  1949 | D:2      | Killed Jessica
  1950 | D:2      | Reached skill level 1 in Conjurations
  1950 | D:2      | Reached skill level 1 in Hexes
  1950 | D:2      | Reached skill level 1 in Necromancy
  1950 | D:2      | Reached skill level 1 in Translocations
  1950 | D:2      | Reached skill level 1 in Transmutations
  1950 | D:2      | Reached skill level 1 in Fire Magic
  1950 | D:2      | Reached skill level 1 in Ice Magic
  1950 | D:2      | Reached skill level 1 in Air Magic
  1950 | D:2      | Reached skill level 1 in Earth Magic
  1950 | D:2      | Reached skill level 1 in Poison Magic
  2012 | D:2      | Learned a level 4 spell: Summon Lightning Spire
  2553 | D:3      | Found a white marble altar of Elyvilon.
  2554 | D:3      | Found an iron altar of Okawaru.
  2554 | D:3      | Found a glowing golden altar of the Shining One.
  2672 | D:3      | Reached XP level 5. HP: 34/37 MP: 1/12
  2813 | D:3      | Found a runed translucent gate.
  2813 | D:3      | Found a runed translucent gate.
  2813 | D:3      | Found a runed translucent gate.
  2813 | D:3      | Noticed Grunkalo's ghost (amateur KoHu)
  2815 | D:3      | Found a basalt altar of Yredelemnul.
  3293 | D:3      | Killed Grunkalo's ghost
  3294 | D:3      | Reached skill level 5 in Dodging
  3294 | D:3      | Reached XP level 6. HP: 44/44 MP: 1/14
  3575 | D:4      | Found a staircase to the Ecumenical Temple.
  3631 | Temple   | Entered the Ecumenical Temple
  3638 | Temple   | Became a worshipper of Vehumet
  3851 | D:4      | Found Vote's Weapon Shop.
  3885 | D:4      | Identified 2 scrolls of acquirement
  3885 | D:4      | Acquired the ring of Res Nullius {Wiz rF+ rC+ Stlth+}
  3893 | D:4      | Found Furghomm's Book Shoppe.
  4480 | D:4      | Found a shimmering altar of Xom.
  4480 | D:4      | Noticed a black bear
  4491 | D:4      | Reached XP level 7. HP: 50/50 MP: 7/15
  4699 | D:4      | Reached * piety under Vehumet
  4699 | D:4      | Offered knowledge of Freeze by Vehumet.
  4980 | D:4      | Reached skill level 5 in Stealth
  5380 | D:5      | Entered Level 5 of the Dungeon
  5533 | D:5      | Reached XP level 8. HP: 58/58 MP: 9/16
  5538 | D:5      | Learned a level 4 spell: Iskenderun's Mystic Blast
  5884 | D:5      | Found an ornate altar of the Wu Jian Council.
  5885 | D:5      | Acquired the +0 hat of the Shore {rF++ Dex+3}
  6665 | D:6      | Found a stormy altar of Qazlal.
  7448 | D:6      | Reached ** piety under Vehumet
  7448 | D:6      | Offered knowledge of Poisonous Vapours by Vehumet.
  7453 | D:6      | Learned a level 2 spell: Poisonous Vapours
  8073 | D:7      | HP: 2/58 [orc warrior/+0 war axe (7)]
  8639 | D:7      | Reached XP level 9. HP: 51/65 MP: 14/18
  8884 | D:7      | Reached skill level 8 in Summonings
  8937 | D:7      | Shot with a bolt by an orc warrior

Illustrated notes

Levels and vault maps discovered:
D:1:      dpeg_arrival_rooms_a, layout_basic, columned_hall_lemuel,
          st_stairs_13, minmay_hexomino_u4
D:2:      layout_loops_ring, grunt_decor_arrowhead, minmay_split_cup_large,
          uniq_jessica
D:3:      layout_basic, minitemple, nicolae_yredelemnul_ghost_church,
          chequers_serial_rivers_large_a
D:4:      corexii_shantytown, layout_loops_ring, xom_teletrap_fun,
          minmay_temple_entry_waves, nicolae_take_the_stairs,
          nicolae_stop_n_shop_1, chequers_arboretum
D:5:      layout_loops_ring, nicolae_wu_jian_glorious_leap
D:6:      lemuel_ice_spiral_2, layout_basic, mainiacjoe_overflow_brackets,
          kennysheep_generic_room_16
D:7:      layout_loops_cross, hangedman_decor_clover_reticule
Temple:   nicolae_temple_superstar

Skill      XL: |  1  2  3  4  5  6  7  8  9 |
---------------+----------------------------+-----
Spellcasting   | 5 6 |  6.6
Invocations    | 1 2 3 4 |  4.7
Fighting       | 1 2 3 4 |  4.2
Short Blades   | 1 2 3 4 |  4.2
Long Blades    | 1 2 3 4 |  4.2
Axes           | 1 2 3 4 |  4.2
Maces & Flails | 1 2 3 4 |  4.2
Polearms       | 1 2 3 4 |  4.2
Staves         | 1 2 3 4 |  4.2
Ranged Weapons | 1 2 3 4 |  4.2
Throwing       | 1 2 3 4 |  4.2
Armour         | 1 2 3 4 |  4.2
Shields        | 1 2 3 4 |  4.2
Unarmed Combat | 1 2 3 4 |  4.2
Evocations     | 1 2 3 4 |  4.2
Conjurations   | 1 2 3 |  3.5
Hexes          | 1 2 3 |  3.5
Necromancy     | 1 2 3 |  3.5
Translocations | 1 2 3 |  3.5
Transmutations | 1 2 3 |  3.5
Fire Magic     | 1 2 3 |  3.5
Ice Magic      | 1 2 3 |  3.5
Air Magic      | 1 2 3 |  3.5
Earth Magic    | 1 2 3 |  3.5
Poison Magic   | 1 2 3 |  3.5
Dodging        | 5 6 |  6.3
Stealth        | 5 6 |  6.0
Summonings     | 8 |  8.0

Action                   |  1- 3 |  4- 6 |  7- 9 || total
-------------------------+-------+-------+-------++-------
Melee: Short sword       |    21 |    18 |       ||    39
       Unarmed           |     2 |       |       ||     2
       Bite              |     2 |     5 |    18 ||    25
       Punch             |       |     1 |     1 ||     2
       Hand axe          |       |    52 |   164 ||   216
 Cast: Summon Small Mamm |    32 |    17 |    14 ||    63
       Call Imp          |     9 |     7 |     9 ||    25
       Call Canine Famil |     3 |     9 |    14 ||    26
       Summon Lightning  |       |     3 |    15 ||    18
       Summon Guardian G |       |     3 |     6 ||     9
       Poisonous Vapours |       |       |     3 ||     3
Evoke: Wand              |       |     5 |     1 ||     6
  Use: Scroll            |     3 |    10 |    12 ||    25
       Potion            |       |       |     1 ||     1
 Stab: Sleeping          |     1 |    10 |     9 ||    20
Armor: Robe              |     3 |     3 |       ||     6
       Leather armour    |       |     5 |    51 ||    56
Dodge: Dodged            |    18 |    45 |   108 ||   171
Block: Buckler           |       |       |    20 ||    20
